 Dungeon Crawl Stone Soup version 0.28-a0-695-gff097466f2 (console) character file.

Game seed: 17987623146653967370

13 NeKpoT the Magician (level 2, 0/23 HPs)
             Began as a Gnoll Wanderer on Oct 22, 2021.
             Was a Follower of Kikubaaqudgha.
             Slain by a quokka (1 damage)
             ... on level 1 of the Dungeon.
             The game lasted 00:04:29 (845 turns).

NeKpoT the Magician (Gnoll Wanderer)                 Turns: 845, Time: 00:04:30

Health: 0/23       AC:  2    Str: 11    XL:     2   Next: 37%
Magic:  10/10      EV: 11    Int: 11    God:    Kikubaaqudgha [*.....]
Gold:   9          SH:  0    Dex: 11    Spells: 14/15 levels left

rFire   . . .      SeeInvis .   e - +0 dagger
rCold   . . .      Faith    .   (no shield)
rNeg    . . .      Spirit   .   c - +0 robe
rPois   .          Reflect  .   (no helmet)
rElec   .          Harm     .   (no cloak)
rCorr   .          Rampage  .   (no gloves)
Will    .....                   (no boots)
Stlth   ++........              (no amulet)
HPRegen 0.07/turn               (no ring)
MPRegen 0.12/turn               (no ring)

@: no status effects
A: fangs 1, strong nose, distributed training
a: Renounce Religion, Receive Corpses


You were on level 1 of the Dungeon.
You worshipped Kikubaaqudgha.
Kikubaaqudgha was aware of your devotion.
You visited 1 branch of the dungeon, and saw 1 of its levels.

You collected 9 gold pieces.

Inventory:

Hand Weapons
 e - a +0 dagger (weapon)
Missiles
 a - 25 stones
Armour
 c - a +0 robe (worn)
Scrolls
 b - 2 scrolls of teleportation
Potions
 d - a potion of lignification


   Skills:
 + Level 2.5 Fighting
 + Level 0.4 Short Blades
 + Level 0.4 Long Blades
 + Level 0.4 Axes
 + Level 0.4 Maces & Flails
 + Level 0.4 Polearms
 + Level 0.4 Staves
 + Level 0.4 Slings
 + Level 4.5 Bows
 + Level 0.4 Crossbows
 + Level 0.4 Throwing
 + Level 0.4 Armour
 + Level 0.4 Dodging
 + Level 2.2 Stealth
 + Level 0.4 Shields
 + Level 0.4 Unarmed Combat
 + Level 7.1 Spellcasting
 + Level 0.2 Conjurations
 + Level 0.2 Hexes
 + Level 0.2 Summonings
 + Level 0.2 Necromancy
 + Level 0.2 Translocations
 + Level 0.2 Transmutations
 + Level 0.2 Fire Magic
 + Level 0.2 Ice Magic
 + Level 0.2 Air Magic
 + Level 3.7 Earth Magic
 + Level 0.2 Poison Magic
 + Level 0.5 Invocations
 + Level 2.5 Evocations


You had 14 spell levels left.
You knew the following spells:

 Your Spells              Type           Power      Damage    Failure   Level
a - Magic Dart            Conj           16%        1d3       16%         1

Your spell library contained the following spells:

 Spells                   Type           Power      Damage    Failure   Level
 Animate Skeleton         Necr           8%         N/A       16%         1
 Pain                     Necr           16%        1d4       16%         1
 Blink                    Tloc           N/A        N/A       24%         2
 Call Imp                 Summ           4%         N/A       24%         2
 Slow                     Hex            4%         N/A       24%         2
 Sublimation of Blood     Necr           2%         N/A       24%         2
 Conjure Flame            Conj/Fire      4%         6-21      43%         3
 Mephitic Cloud           Conj/Pois/Air  4%         N/A       43%         3
 Vampiric Draining        Necr           2%         2d6       43%         3


Dungeon Overview and Level Annotations

Branches:
Dungeon (1/15)

Altars:
Kikubaaqudgha


Innate Abilities, Weirdness & Mutations

You have very sharp teeth.
Your uncanny sense of smell can sniff out nearby items.
Your experience applies equally to all skills.


Message History

The goblin hits you with a +0 club.
You miss the quokka. The quokka closely misses you.
The goblin closely misses you.
You miss the quokka. The quokka barely misses you.
The goblin hits you but does no damage.
You hit the quokka.
The quokka is severely wounded.
The quokka bites you. The goblin hits you with a +0 club.
You hit the quokka.
The quokka is almost dead.
The quokka barely misses you. The goblin barely misses you.
The quokka completely misses you.
You barely miss the quokka.
The quokka is almost dead.
The goblin barely misses you. The quokka bites you.
You are too injured to fight recklessly!
You are too injured to fight recklessly!
The quokka closely misses you.
You hit the quokka but do no damage.
The quokka is severely wounded.
The quokka closely misses you.
You hit the quokka but do no damage.
The quokka is severely wounded.
The quokka closely misses you.
You hit the quokka but do no damage.
The quokka is severely wounded.
The quokka bites you. The goblin hits you with a +0 club.
* * * LOW HITPOINT WARNING * * *
The quokka barely misses you.
You miss the quokka. You bite the quokka, but do no damage.
The quokka is heavily wounded.
The quokka bites you.
* * * LOW HITPOINT WARNING * * *
The quokka bites you.
* * * LOW HITPOINT WARNING * * *
You closely miss the quokka. You bite the quokka, but do no damage.
The quokka is heavily wounded.
The quokka bites you.
You die...
Kikubaaqudgha rasps: "You have failed me!
Welcome... death!"

.................#
....................#####
............##..........##
#....########...........# ..
#....# ####...........# ..#
#....#####............#.# ..#
#..........g.#.....#..#.#### ..#
##.........#r##8###8##....... #.#
#..........#@.#.........####. #.#
#.......##.#..#.....#...# #.
#.###.......##.#..#..<..#..## #.
............##....#.....#..# #.
#.####......##..........#..# #.
.[..........##.#.##8###8##.# #.
#....#......##.#.##.....#..# #.
.....##+#...#..#...........# #.
#.##........##.).###############.


You could see a quokka and a goblin.

Vanquished Creatures
  A dart slug (D:1)
  A bat (D:1)
  2 endoplasms (D:1)
  A giant cockroach (D:1)
  A goblin (D:1)
  2 hobgoblins (D:1)
  A frilled lizard (D:1)
9 creatures vanquished.

Notes
Turn   | Place    | Note
-------+----------+-------------------------------------------
     0 | D:1      | NeKpoT the Gnoll Wanderer began the quest for the Orb.
     0 | D:1      | NeKpoT set off with the following items: a +0 club, a
                  | scroll of teleportation, a +0 robe, a potion of
                  | lignification; and the following spell memorised: Magic
                  | Dart; and the following spells available to memorise:
                  | Blink, Call Imp, Slow, Conjure Flame, Mephitic Cloud
     0 | D:1      | Reached XP level 1. HP: 17/17 MP: 8/8
    74 | D:1      | Found a faded altar of an unknown god.
   110 | D:1      | Prayed at the altar of an unknown god.
   110 | D:1      | Became a worshipper of Kikubaaqudgha
   110 | D:1      | Reached * piety under Kikubaaqudgha
   110 | D:1      | Received a gift from Kikubaaqudgha
   332 | D:1      | Reached XP level 2. HP: 17/23 MP: 10/10
   844 | D:1      | HP: 1/23 [quokka (1)]
   845 | D:1      | Slain by a quokka

Illustrated notes

Levels and vault maps discovered:
D:1:      scummos_arrival_simple_crosswalls, layout_basic,
          ebering_ecumenical_altar_ruins, lemuel_flame_loot_1

Action                   || total
-------------------------++-------
Melee: Dagger            ||    58
       Bite              ||     5
 Cast: Magic Dart        ||     7
 Stab: Sleeping          ||     1
Armor: Robe              ||    13
Dodge: Dodged            ||    34

Table legend: (Time is in decaauts)
 A = Elapsed time spent in this place.
 B = Non-inter-level travel time spent in this place.
 C = Inter-level travel time spent in this place.
 D = Time resting spent in this place.
 E = Time spent auto-exploring this place.
 F = Levels seen in this place.
 G = Mean time per level.
                   A        B        C        D        E       F      G
               +--------+--------+--------+--------+--------+-----+--------+
         Total |    843 |    843 |      0 |      0 |    643 |   1 |  843.0 |
       Dungeon |    843 |    843 |      0 |      0 |    643 |   1 |  843.0 |
               +--------+--------+--------+--------+--------+-----+--------+

Top non-repeatable levels by time:
     D:1: 843 daAuts
